 Dungeon Crawl Stone Soup version 0.16.1-28-gcc2312f (webtiles) character file.

22 FlaggTheMystic the Ducker (level 2, -1/13 HPs)
             Began as a Spriggan Earth Elementalist on June 3, 2015.
             Slain by a hobgoblin
             ... wielding a +0 club
              (3 damage)
             ... on level 1 of the Dungeon.
             The game lasted 00:15:26 (833 turns).

FlaggTheMystic the Ducker (SpEE)                     Turns: 833, Time: 00:15:26

Health: -1/13      AC:  2    Str:  4    XL:     2   Next: 68%
Magic:  4/8        EV: 18    Int: 16    God:
Gold:   39         SH:  0    Dex: 16    Spells: 2 memorised, 4 levels left

rFire  . . .     SeeInvis +     l - +0 short sword
rCold  . . .     Clarity  .     c - +0 robe
rNeg   . . .     SustAb   .     (shield restricted)
rPois  .         Gourm    .     (helmet restricted)
rElec  .         Spirit   .     (no cloak)
rCorr  .         Warding  .     (gloves unavailable)
rMut   .         Stasis   .     (boots unavailable)
MR     .....                    (no amulet)
Stlth  +++.......               (no ring)
                                (no ring)

@: very quick, not resistant to hostile enchantments, fairly stealthy
A: unfitting armour, see invisible, herbivore 3, speed 3, slow metabolism 2
a: no special abilities


You were on level 1 of the Dungeon.
You were not hungry.

You visited 1 branch of the dungeon, and saw 1 of its levels.

You collected 39 gold pieces.

Inventory:

Hand weapons
 l - a +0 short sword (weapon)
 m - a +0 short sword
Missiles
 b - 8 stones (quivered)
 k - 10 poisoned needles
Armour
 c - a +0 robe (worn)
Jewellery
 f - a +5 ring of strength {unknown}
Scrolls
 e - a scroll of recharging {unknown}
 h - a scroll of identify {unknown}
 i - a scroll of random uselessness {unknown}
 o - a scroll of teleportation {unknown}
Potions
 g - a potion of curing {unknown}
Books
 d - a book of Geomancy

   Spells                             Type                      Level
   a - Sandblast                      Earth                        1
   b - Stoneskin                      Transmutation/Earth          2
   c - Passwall                       Transmutation/Earth          3
   d - Stone Arrow                    Conjuration/Earth            3
   e - Petrify                        Transmutation/Earth          4
   f - Lee's Rapid Deconstruction     Earth                        5
Comestibles
 a - a bread ration
 j - a beef jerky
 n - 2 fruits


   Skills:
 * Level 0.7 Short Blades
 + Level 3.3 Dodging
 + Level 3.0 Stealth
 + Level 3.1 Spellcasting
 + Level 1.3 Transmutations
 + Level 3.1 Earth Magic


You had 4 spell levels left.
You knew the following spells:

 Your Spells              Type           Power        Failure   Level  Hunger
a - Sandblast             Erth           ##....       8%          1    None
b - Stoneskin             Trmt/Erth      #.......     12%         2    ##.....


Dungeon Overview and Level Annotations

Branches:
Dungeon (1/15)

Altars:


Innate Abilities, Weirdness & Mutations

You are tiny and cannot use many weapons and most armour.
You have supernaturally acute eyesight.
You are a herbivore.
You cover ground extremely quickly.
You need consume almost no food.


Message History

Okay, then.
Throwing (i - inventory):
b - 10 stones (quivered)
Press: ? - help, Shift-Dir - straight line, f/p - hobgoblin
Aim: a hobgoblin, wielding a club You throw a stone.
The stone barely misses the hobgoblin.
Throwing (i - inventory):
b - 9 stones (quivered)
Press: ? - help, Shift-Dir - straight line, f/p - hobgoblin
Aim: a hobgoblin, wielding a club You throw a stone.
The stone hits the hobgoblin but does no damage.
Casting: Sandblast
Confirm with . or Enter, or press ? or * to list all spells.
Aiming: Sandblast
Press: ? - help, Shift-Dir - straight line, f/p - hobgoblin
Aim: a hobgoblin, wielding a club The blast of sand misses the hobgoblin.
Your magical contamination has completely faded away.
Your skin feels tender.
The hobgoblin hits you with a club.
You die...

##..####.#.............# #...#
#..# #.#..############ ##.##
#..# #.#..# ###########..#
#..## #.#..# #.(..(.....#.####
##... .....# #(########.......
#...####.#.# #.# ###.####
..#......#.######.# #.#
#....#####.##...#g# #.#
##.#............@.# #.#
#.#..#.....##.#.## #.#
##.#.######.##.#.###########.#
....†.8.....8..#.............#
###...#.....#.....############
##..#..<..#..#..#
#..#.....#.)...##
#..8.....8.......
#†##.######....##


You could see a hobgoblin.

Vanquished Creatures
  2 giant geckos (D:1)
  3 hobgoblins (D:1)
  3 jackals (D:1)
  3 kobolds (D:1)
  2 bats (D:1)
  A giant cockroach (D:1)
  2 giant newts (D:1)
  3 goblins (D:1)
19 creatures vanquished.

Notes
Turn   | Place    | Note
--------------------------------------------------------------
     0 | D:1      | FlaggTheMystic, the Spriggan Earth Elementalist, began the quest for the Orb.
     0 | D:1      | Reached XP level 1. HP: 9/9 MP: 4/4
   212 | D:1      | Reached XP level 2. HP: 13/13 MP: 3/8
   257 | D:1      | Learned a level 2 spell: Stoneskin
   833 | D:1      | Slain by a hobgoblin

Action                   || total
-------------------------++-------
Melee: Dagger            ||    14
       Short sword       ||     7
Throw: Stone             ||    42
 Cast: Sandblast         ||    31
       Stoneskin         ||     3
  Use: Scroll            ||     1
